 Dungeon Crawl Stone Soup version 0.24-a0-433-gbe6fa4f (webtiles) character file.

Game seed: 4466778303559573602

339700 pkoi the Warrior (level 21, -1/175 HPs)
             Began as a Minotaur Fighter on June 13, 2019.
             Was the Champion of Ru.
             Killed from afar by a deep elf sorcerer (12 damage)
             ... with damnation
             ... on level 3 of the Elven Halls on June 14, 2019.
             The game lasted 02:12:28 (66054 turns).

pkoi the Warrior (Minotaur Fighter)                Turns: 66054, Time: 02:12:28

Health: -1/175     AC: 26    Str: 31    XL:     21   Next: 5%
Magic:  21/24      EV: 19    Int:  5    God:    Ru [******]
Gold:   1981       SH:  0    Dex: 12    Spells: 27/29 levels left

rFire    . . .     SeeInvis .   A - +2 whip (elec)
rCold    + . .     Gourm    .   (shield unavailable)
rNeg     + . .     Faith    .   T - +3 plate armour of the Flute {rElec MR++ Stlth-}
rPois    +         Spirit   .   (helmet unavailable)
rElec    +         Reflect  .   E - +2 ratskin cloak {+Rats rPois rN+ Str-1 Int-1 Dex+1}
rCorr    .         Harm     .   J - +2 pair of gloves of Defiance {+Blink rC+ Str+3}
MR       ++++.                  k - +1 pair of boots
Stlth    ..........             F - amulet of rage
HPRegen  0.00/turn              (ring unavailable)
MPRegen  0.19/turn              q - ring "Qeclu" {MR+ EV+3}

@: exhausted, corroded, studying Transmutations, heavily drained
A: retaliatory headbutt, horns 3, frail 1, low mp 1, inhibited regeneration,
missing a hand, hated by all, MP-powered wands
}: 2/15 runes: serpentine, barnacled
a: Draw Out Power, Power Leap, Apocalypse, Renounce Religion, Evoke Blink, Evoke
Berserk Rage


You were on level 3 of the Elven Halls.
You worshipped Ru.
Ru was exalted by your worship.
You were very full.

You visited 9 branches of the dungeon, and saw 39 of its levels.
You visited 2 bazaars.
You also visited: Gauntlet.

You collected 4131 gold pieces.
You spent 2150 gold pieces at shops.

Inventory:

Hand Weapons
 r - the +7 captain's cutlass {speed, disarm}
   (You found it on level 4 of the Lair of Beasts)

   Attacks with this weapon are significantly faster.
 A - a +2 whip of electrocution (weapon)
 U - a +1 whip of freezing
Missiles
 C - 152 poisoned darts
 P - 44 javelins
 Y - 63 boomerangs (quivered)
Armour
 k - a +1 pair of boots (worn)
 E - the +2 ratskin cloak (worn) {+Rats rPois rN+ Str-1 Int-1 Dex+1}
   (You found it on level 6 of the Dungeon)

   It affects your strength (-1).
   It affects your intelligence (-1).
   It affects your dexterity (+1).
   It protects you from poison.
   It protects you from negative energy.
 J - the +2 pair of gloves of Defiance (worn) {+Blink rC+ Str+3}
   (You found it in a Gauntlet)

   It affects your strength (+3).
   It protects you from cold.
   It lets you blink.
 T - the +3 plate armour of the Flute (worn) {rElec MR++ Stlth-}
   (You found it on level 2 of the Snake Pit)

   It insulates you from electricity.
   It affects your resistance to hostile enchantments.
   It makes you less stealthy.
 W - the +1 pair of gloves of Ru's Fury {+Fly MR++ Str-5 Int+3}
   (You found it on level 3 of the Snake Pit)

   It affects your strength (-5).
   It affects your intelligence (+3).
   It affects your resistance to hostile enchantments.
   It lets you fly.
Jewellery
 c - an uncursed ring of protection from fire
 d - an uncursed amulet of the gourmand
 q - the ring "Qeclu" (right hand) {MR+ EV+3}
   (You found it in a Gauntlet)

   [ring of evasion]

   It affects your evasion (+3).
   It affects your resistance to hostile enchantments.
 s - an uncursed ring of protection from cold
 v - an uncursed ring of wizardry
 F - an amulet of rage (around neck)
 M - the ring of Ragihosu {rC+ rCorr}
   (You found it on level 1 of the Snake Pit)

   [ring of resist corrosion]

   It protects you from cold.
   It provides partial protection from all sources of acid and corrosion.
 X - the ring of Linearity {Str+2 Dex+3}
   (You found it on level 1 of the Elven Halls)

   [ring of strength]

   It affects your strength (+2).
   It affects your dexterity (+3).
Wands
 a - a wand of scattershot (6)
 b - a wand of iceblast (21)
 u - a wand of paralysis (64)
 y - a wand of disintegration (42)
 D - a wand of flame (35)
 N - a wand of clouds (5)
 O - a wand of acid (18)
 R - a wand of polymorph (28)
Scrolls
 e - 13 scrolls of teleportation
 h - 25 scrolls of identify
 i - 3 scrolls of fog
 l - 17 scrolls of remove curse
 o - 5 scrolls of fear
 p - 5 scrolls of magic mapping
 x - 3 scrolls of enchant weapon
 z - 3 scrolls of enchant armour
 B - 7 scrolls of amnesia
 L - 5 scrolls of blinking
 V - 3 scrolls of brand weapon
Potions
 g - a potion of magic
 j - 10 potions of curing
 m - 5 potions of heal wounds
 n - 6 potions of agility
 t - 3 potions of flight
 G - 4 potions of haste
 H - 5 potions of resistance
 I - 4 potions of cancellation
 Q - 2 potions of brilliance
Books
 S - a manual of Transmutations
Comestibles
 f - 60 rations
 w - 3 chunks of flesh


   Skills:
 + Level 18.4(16.2) Fighting
 - Level 1.0(0.0) Short Blades
 + Level 17.9(15.6) Maces & Flails
 + Level 13.9(11.8) Throwing
 + Level 18.3(16.0) Armour
 + Level 16.8(14.6) Dodging
 - Level 11.2(9.3) Stealth
 - Level 4.5(2.9) Spellcasting
 - Level 7.7(5.9) Translocations
 - Level 8.3(6.5) Evocations


You had 27 spell levels left.
You knew the following spells:

 Your Spells              Type           Power        Failure   Level  Hunger
a - Blink                 Tloc           N/A          26%         2    ###....

Your spell library contained the following spells:

 Spells                   Type           Power        Failure   Level  Hunger
 Beastly Appendage        Tmut           #.....       89%         1    ##.....
 Flame Tongue             Conj/Fire      #....        89%         1    ##.....
 Magic Dart               Conj           #...         89%         1    ##.....
 Pain                     Necr           #...         89%         1    ##.....
 Sting                    Conj/Pois      #...         89%         1    ##.....
 Corpse Rot               Necr           N/A          96%         2    ###....
 Ensorcelled Hibernation  Hex/Ice        #.....       96%         2    ###....
 Poisonous Vapours        Pois/Air       #.....       96%         2    ###....
 Searing Ray              Conj           #.....       96%         2    ###....
 Slow                     Hex            #.......     96%         2    ###....
 Sublimation of Blood     Necr           #.........   96%         2    ###....
 Throw Flame              Conj/Fire      #.....       96%         2    ###....
 Conjure Flame            Conj/Fire      #.......     99%         3    ####...
 Dazzling Spray           Conj/Hex       #.....       99%         3    ####...
 Ignite Poison            Fire/Tmut/Pois #.......     99%         3    ####...
 Inner Flame              Hex/Fire       #.......     99%         3    ####...
 Mephitic Cloud           Conj/Pois/Air  #.......     99%         3    ####...
 Regeneration             Chrm/Necr      #.........   99%         3    ####...
 Spider Form              Tmut/Pois      #.........   99%         3    ####...
 Force Lance              Conj/Tloc      #.......     99%         4    #####..
 Fulminant Prism          Conj/Hex       #.........   100%        4    #####..
 Ice Form                 Ice/Tmut       #.......     100%        4    #####..
 Iskenderun's Mystic Bla  Conj           #.......     100%        4    #####..
 Olgreb's Toxic Radiance  Pois           #.......     100%        4    #####..
 Sticky Flame             Conj/Fire      #.......     100%        4    #####..
 Agony                    Necr           #.......     100%        5    ######.
 Blade Hands              Tmut           #.........   100%        5    ######.
 Bolt of Draining         Conj/Necr      #.........   100%        5    ######.
 Borgnjor's Vile Clutch   Necr/Erth      #.........   100%        5    ######.
 Dispel Undead            Necr           #.......     100%        5    ######.
 Excruciating Wounds      Chrm/Necr      #.........   100%        5    ######.
 Fireball                 Conj/Fire      #.........   100%        5    ######.
 Irradiate                Conj/Tmut      #.........   100%        5    ######.
 Metabolic Englaciation   Hex/Ice        #.........   100%        5    ######.
 Silence                  Hex/Air        #.........   100%        5    ######.
 Venom Bolt               Conj/Pois      #.........   100%        5    ######.
 Bolt of Cold             Conj/Ice       #.........   100%        6    #######
 Bolt of Fire             Conj/Fire      #.........   100%        6    #######
 Darkness                 Hex            #.........   100%        6    #######
 Freezing Cloud           Conj/Ice/Air   #.........   100%        6    #######
 Hydra Form               Tmut           #.........   100%        6    #######
 Ozocubu's Refrigeration  Ice            #.........   100%        6    #######
 Statue Form              Tmut/Erth      #........    100%        6    #######
 Dragon Form              Tmut           #.........   100%        7    #######
 Ring of Flames           Chrm/Fire      #.........   100%        7    #######
 Ignition                 Fire           #.........   100%        8    #######
 Summon Butterflies       Summ           Unusable     N/A         1    N/A
 Call Imp                 Summ           Unusable     N/A         2    N/A
 Sticks to Snakes         Tmut           Unusable     N/A         2    N/A
 Call Canine Familiar     Summ           Unusable     N/A         3    N/A
 Summon Ice Beast         Ice/Summ       Unusable     N/A         4    N/A
 Summon Mana Viper        Hex/Summ       Unusable     N/A         5    N/A
 Shadow Creatures         Summ           Unusable     N/A         6    N/A
 Simulacrum               Ice/Necr       Unusable     N/A         6    N/A
 Summon Hydra             Summ           Unusable     N/A         7    N/A

Dungeon Overview and Level Annotations

Branches:
Dungeon (15/15)            Temple (1/1) D:4            Lair (6/6) D:11
 Shoals (4/4) Lair:3        Snake (4/4) Lair:2        Slime (0/5) Lair:6
    Orc (2/2) D:12            Elf (3/3) Orc:2        Vaults (3/5) D:14
  Crypt (0/3) Vaults:3     Depths (1/5) D:15

Altars:
Ashenzari
Cheibriados
Dithmenos
Elyvilon
Fedhas
Gozag
Hepliaklqana
Kikubaaqudgha
Makhleb
Nemelex Xobeh
Okawaru
Qazlal
Ru
Sif Muna
Trog
Uskayaw
Vehumet
Wu Jian
Xom
Yredelemnul
Zin
The Shining One
Beogh

Shops:
D:5 %   D:13 *%   Orc:1 :   Orc:2 =(*[}   Elf:2 =   Elf:3 *

Annotations:
Lair:6 3 runed translucent doors, RatchetSly's ghost, journeyman MiFi
Shoals:3 2 runed translucent doors, CowFu's ghost, adept HOFi
Elf:2 1 runed translucent door


Innate Abilities, Weirdness & Mutations

You reflexively headbutt those who attack you in melee.
You have a pair of large horns on your head.
You are frail. (-10% HP)
Your magical capacity is low. (-10% MP)
You are missing a hand.
You are hated by all.
You do not regenerate when monsters are visible.
You expend magic power (3 MP) to strengthen your wands.


Message History

The +3 short sword of freezing falls from the air.
The deep elf sorcerer begins to cast a spell, but is stunned by your will! x2
The deep elf sorcerer begins to cast a spell, but is stunned by your will! x2
A deep elf blademaster comes into view. It is wielding two +0 rapiers.
The deep elf death mage begins to cast a spell, but is stunned by your will!
The deep elf sorcerer begins to cast a spell, but is stunned by your will!
The deep elf death mage enters a dispersal trap!
The lost soul blinks!
The deep elf sorcerer blinks!
The deep elf blademaster blinks!
The lost soul blinks! x2; You blink.
The deep elf death mage blinks!
The deep elf sorcerer gestures at you while chanting.
The bolt of acid misses you.
The deep elf sorcerer points at you and mumbles some strange words.
The bolt of acid hits you!
* * * LOW HITPOINT WARNING * * *
The acid corrodes you!
You are splashed with acid!
* * * LOW HITPOINT WARNING * * *
The deep elf sorcerer points at you and mumbles some strange words.
The sphere of damnation explodes!
The damnation engulfs you!
You die...

≈≈.≈≈≈≈..###...#'##.....##
...≈≈≈≈..########'..)....##
≈....(....### ##..ee.....##
≈.≈≈≈≈≈.....####.).^.......#
≈.≈≈≈≈≈.......##.).........#
≈.≈≈≈≈≈.......##....*......#
≈.≈≈≈≈≈.......''...........#
..............##...e.......#
.#)##.........##@.........##
...##'#.....####.'.......########
...#'####.###.##'##.....#'#.....#
.....# ###....).####)####).....#
.....####.........# #.# #.......
.....'..'.......<.###.# ##.......
.....####........####'####.......
.....# #........#.......#.......
...### #......<.#.......#.......


You could see a deep elf blademaster, a deep elf death mage, a deep elf sorcerer
and a lost soul.

Vanquished Creatures
  Saint Roka (Snake:4)
  Rupert (Lair:3)
  A deep elf blademaster (Elf:3)
  A deep elf master archer (Elf:3)
  A kraken (Shoals:3)
  A sphinx (Vaults:3)
  Gastronok (Lair:3)
  Frances (Snake:1)
  A deep elf sorcerer (Elf:2)
  8 nagarajas
  A frost giant (Vaults:2)
  2 orc warlords (Orc:1)
  6 vault wardens
  Aizul (Snake:2)
  3 deep elf elementalists
  7 ironheart preservers
  3 very ugly things (D:15)
  2 stone giants
  5 deep elf annihilators
  4 deep elf demonologists (Elf:3)
  A minotaur (Gauntlet)
  Azrael (Snake:1)
  5 deep elf death magi
  A merfolk javelineer (Shoals:4)
  2 deep elf high priests (Elf:3)
  An ettin (D:15)
  2 fire dragons
  9 merfolk impalers
  4 yaktaur captains
  A great orb of eyes (Vaults:2)
  7 hydras
  A spriggan air mage (D:15)
  7 vault guards
  7 centaur warriors
  15 naga warriors
  Erica (Lair:1)
  4 merfolk avatars
  2 catoblepae
  2 death knights
  6 merfolk aquamancers
  24 anacondas
  2 tengu warriors
  8 ogre magi
  3 satyrs (Shoals:3)
  25 dancing weapons
  14 two-headed ogres
  13 naga sharpshooters
  10 shock serpents
  A vampire mage (Vaults:3)
  A shock serpent (shapeshifter) (Elf:2)
  5 orc high priests
  Sonja (Lair:4)
  27 deep elf knights
  3 skeletal warriors
  A large abomination (Elf:1)
  5 salamander mystics (Snake:4)
  4 deep trolls (Vaults:2)
  15 sea snakes
  4 unseen horrors
  3 wizards
  A phantasmal warrior (Vaults:3)
  15 deep elf archers
  7 naga ritualists
  5 lindwurms
  An orb spider (shapeshifter) (Elf:1)
  5 necromancers (Elf:1)
  24 ugly things
  12 harpies
  10 ironbrand convokers
  7 cyclopes
  17 mana vipers
  9 orc knights
  8 orc sorcerers
  62 deep elf magi
  3 wolf spiders (Vaults:2)
  11 manticores
  19 fauns
  7 guardian serpents
  12 salamanders
  39 black mambas
  4 elephants
  8 vault sentinels
  9 merfolk sirens
  36 naga magi
  5 water nymphs
  4 rime drakes (Lair:6)
  12 spiny frogs
  A centaur skeleton (D:15)
  A kobold demonologist (D:13)
  A rime drake (shapeshifter) (Elf:3)
  14 yaktaurs
  8 komodo dragons
  5 freezing wraiths
  32 merfolk
  3 tengu conjurers
  6 wind drakes
  2 hornets (Lair:6)
  10 trolls
  5 polar bears
  A harpy skeleton (D:15)
  6 blink frogs (Lair:6)
  7 slime creatures
  2 raiju (shapeshifter)
  16 hippogriffs
  15 dream sheep
  10 snapping turtles
  A fire giant simulacrum (Vaults:3)
  2 shadows
  5 wyverns
  3 redbacks (D:14)
  A centaur simulacrum (D:14)
  53 yaks
  A redback (shapeshifter) (Elf:3)
  2 basilisks
  11 water elementals
  5 wraiths
  7 fire elementals
  A hungry ghost (D:9)
  A tarantella (D:14)
  A human (shapeshifter) (Vaults:2)
  2 steam dragons (D:9)
  3 humans (Elf:1)
  Menkaure (D:5)
  8 wargs
  A soldier ant (shapeshifter) (D:14)
  4 acid dragons
  2 swamp worms (Gauntlet)
  Duvessa (D:5)
  12 water moccasins
  2 hell hounds (Snake:1)
  45 nagas
  16 porcupines
  A black bear (D:5)
  55 orc warriors
  2 phantoms
  4 sky beasts
  2 eyes of draining
  9 boggarts
  35 ogres
  14 crocodiles
  26 centaurs
  17 bullfrogs
  3 big kobolds
  An elf zombie (Elf:1)
  2 earth elementals
  Dowan (D:5)
  3 wyvern skeletons
  5 scorpions
  19 killer bees
  8 wights
  2 electric eels
  3 centaur zombies
  6 howler monkeys
  10 crimson imps
  A bullfrog zombie (D:10)
  8 jellies
  5 quasits
  6 hounds
  28 orc priests
  3 bullfrog skeletons
  3 iguanas
  17 orc wizards
  3 hell rats (D:6)
  10 worker ants
  A howler monkey zombie (D:6)
  A worker ant zombie (D:10)
  8 gnolls
  13 adders
  4 river rats (D:6)
  5 shadow imps
  12 white imps (Lair:5)
  4 oozes
  4 adder zombies
  2 adder skeletons
  4 worms
  A dart slug (D:3)
  7 leopard geckos
  102 orcs
  8 bats
  3 giant cockroaches
  6 goblins
  7 hobgoblins
  4 jackals (D:2)
  3 quokkas
  A ball python (D:2)
  5 frilled lizards
  A jackal zombie (D:5)
  24 kobolds
  A leopard gecko skeleton (D:5)
  A leopard gecko zombie (D:7)
  A quokka skeleton (D:4)
  23 rats
  A butterfly (Lair:3)
  13 fungi
  39 plants
  2 tentacles (Shoals:3)
1610 creatures vanquished.

Vanquished Creatures (others)
  A deep elf master archer (Elf:3)
  A two-headed ogre (D:14)
  4 dancing weapons
  A shock serpent (Snake:3)
  An ugly thing (D:15)
  A faun (Shoals:4)
  An elephant (Lair:4)
  A naga mage (Snake:3)
  A black mamba (Snake:4)
  A komodo dragon (Lair:2)
  A merfolk (Shoals:2)
  2 trolls
  A hornet (Lair:6)
  A redback (D:14)
  An orc warrior (Orc:1)
  An ogre (Vaults:2)
  A centaur (Shoals:2)
  2 orc priests
  An orc wizard (D:11)
  A worker ant (D:13)
  4 orcs
  14 fungi
  44 plants
  22 tentacles (Shoals:3)
109 creatures vanquished.

Grand Total: 1719 creatures vanquished

Notes
Turn   | Place    | Note
-------+----------+-------------------------------------------
     0 | D:1      | pkoi the Minotaur Fighter began the quest for the Orb.
     0 | D:1      | Reached XP level 1. HP: 19/19 MP: 0/0
    89 | D:1      | Reached XP level 2. HP: 22/26 MP: 1/1
   520 | D:2      | Reached XP level 3. HP: 27/31 MP: 2/2
   737 | D:2      | Found a faded altar of an unknown god.
   766 | D:2      | Reached skill level 5 in Maces & Flails
   989 | D:2      | Reached XP level 4. HP: 37/39 MP: 3/3
  1211 | D:3      | Reached XP level 5. HP: 36/45 MP: 4/4
  1284 | D:3      | Found a blossoming altar of Fedhas.
  1322 | D:3      | Found a sacrificial altar of Ru.
  1333 | D:3      | Became a worshipper of Ru the Awakened
  1578 | D:3      | Found a basalt altar of Yredelemnul.
  1655 | D:4      | Found a staircase to the Ecumenical Temple.
  1669 | Temple   | Entered the Ecumenical Temple
  1974 | D:4      | Reached XP level 6. HP: 41/51 MP: 5/5
  2417 | D:5      | Entered Level 5 of the Dungeon
  2483 | D:5      | Found Apteshrowomp's Food Boutique.
  2488 | D:5      | Noticed Menkaure
  2522 | D:5      | Killed Menkaure
  2745 | D:5      | Reached XP level 7. HP: 41/57 MP: 6/6
  3057 | D:5      | Noticed Dowan
  3058 | D:5      | Noticed Duvessa
  3067 | D:5      | Gained mutation: You are missing a hand. [Ru sacrifice]
  3067 | D:5      | Reached * piety under Ru
  3067 | D:5      | Reached ** piety under Ru
  3067 | D:5      | Reached *** piety under Ru
  3094 | D:5      | Killed Duvessa
  3094 | D:5      | Reached skill level 10 in Maces & Flails
  3105 | D:5      | Killed Dowan
  3392 | D:5      | Reached XP level 8. HP: 40/64 MP: 7/7
  3420 | D:5      | Found a hazy altar of Hepliaklqana.
  3603 | D:5      | Noticed a troll
  3655 | D:5      | Killed a troll
  3655 | D:5      | Reached skill level 1 in Throwing
  3655 | D:5      | Reached skill level 1 in Dodging
  3655 | D:5      | Reached skill level 1 in Evocations
  3946 | D:5      | Found a sparkling altar of Nemelex Xobeh.
  4763 | D:6      | Found the +2 ratskin cloak {+Rats rPois rN+ Str-1 Int-1
                  | Dex+1}
  4874 | D:6      | Reached skill level 5 in Fighting
  4874 | D:6      | Reached skill level 5 in Armour
  4947 | D:6      | Reached XP level 9. HP: 74/74 MP: 9/9
  5300 | D:7      | Found an ornate altar of the Wu Jian Council.
  5334 | D:7      | Gained mutation: You are hated by all. [Ru sacrifice]
  5334 | D:7      | Reached **** piety under Ru
  5337 | D:7      | Found a bloodstained altar of Trog.
  5637 | D:7      | Found a hide-covered altar of Uskayaw.
  5891 | D:7      | Found a burning altar of Makhleb.
  6419 | D:8      | Reached XP level 10. HP: 77/84 MP: 11/11
  7112 | D:8      | Reached skill level 5 in Dodging
  7217 | D:9      | Gained mutation: You are frail. (-10% HP) [Ru sacrifice]
  7217 | D:9      | Reached ***** piety under Ru
  7478 | D:9      | Noticed a two-headed ogre
  7479 | D:9      | Found an opulent altar of Gozag.
  7491 | D:9      | Killed a two-headed ogre
  7491 | D:9      | Reached skill level 5 in Throwing
  7523 | D:9      | Found an iron altar of Okawaru.
  7625 | D:9      | Found a deep blue altar of Sif Muna.
  7625 | D:9      | Found a glowing golden altar of the Shining One.
  7723 | D:9      | Noticed a guardian serpent
  7728 | D:9      | Killed a guardian serpent
  7834 | D:10     | Entered Level 10 of the Dungeon
  8075 | D:10     | Killed an unseen horror
  8075 | D:10     | Reached skill level 1 in Stealth
  8197 | D:10     | Reached XP level 11. HP: 75/85 MP: 13/13
  8507 | D:10     | Gained mutation: You expend magic power (3 MP) to
                  | strengthen your wands. [potion of mutation]
  8507 | D:10     | Gained mutation: You do not regenerate when monsters are
                  | visible. [potion of mutation]
  8507 | D:10     | Gained mutation: You have a pair of large horns on your
                  | head. [potion of mutation]
  8876 | D:11     | Gained mutation: Your magical capacity is low. (-10% MP)
                  | [Ru sacrifice]
  8876 | D:11     | Reached ****** piety under Ru
  9209 | D:11     | Found a staircase to the Lair.
  9902 | D:12     | Noticed a four-headed hydra
  9914 | D:12     | Killed a four-headed hydra
  9914 | D:12     | Reached skill level 5 in Evocations
 10439 | Lair:1   | Entered Level 1 of the Lair of Beasts
 10725 | Lair:1   | Noticed a five-headed hydra
 10733 | Lair:1   | Killed a five-headed hydra
 10745 | Lair:1   | Noticed Erica
 10980 | Lair:1   | Killed Erica
 10980 | Lair:1   | Reached XP level 12. HP: 89/95 MP: 13/13
 11391 | Lair:2   | Found a basalt altar of Yredelemnul.
 11497 | Lair:2   | Noticed a six-headed hydra
 11524 | Lair:2   | Killed a six-headed hydra
 11524 | Lair:2   | Reached skill level 10 in Fighting
 11524 | Lair:2   | Reached skill level 10 in Armour
 11964 | Lair:2   | Found a staircase to the Snake Pit.
 12464 | Lair:3   | Noticed Gastronok
 12474 | Lair:3   | Noticed a catoblepas
 12682 | Lair:3   | Got a twitching garnet amulet
 12697 | Lair:3   | Identified the amulet of Gomam {Harm *Drain Str+3} (You
                  | found it on level 3 of the Lair of Beasts)
 12760 | Lair:3   | Killed a catoblepas
 12881 | Lair:3   | Noticed an eight-headed hydra
 12892 | Lair:3   | Killed an eight-headed hydra
 12892 | Lair:3   | Reached skill level 5 in Stealth
 12946 | Lair:3   | Killed Gastronok
 13375 | Lair:3   | Found a staircase to the Shoals.
 13486 | Lair:4   | Found a gate leading to a gauntlet.
 13534 | Gauntlet | Entered a Gauntlet
 13534 | Gauntlet | Found a transporter.
 13534 | Gauntlet | Found a transporter.
 13552 | Gauntlet | Found a transporter.
 13556 | Gauntlet | Found a transporter.
 13558 | Gauntlet | Noticed a tengu warrior
 13565 | Gauntlet | Found a transporter.
 13568 | Gauntlet | Found a transporter.
 13574 | Gauntlet | Noticed a green death
 13576 | Gauntlet | Found a transporter.
 13592 | Gauntlet | Found a transporter.
 13593 | Gauntlet | Noticed a hell hog
 13606 | Gauntlet | Found a transporter.
 13618 | Gauntlet | Found a transporter.
 13622 | Gauntlet | Found a transporter.
 13681 | Gauntlet | Got a smoking bronze ring
 13689 | Gauntlet | Identified the ring "Qeclu" {MR+ EV+3} (You found it in a
                  | Gauntlet)
 13711 | Gauntlet | Found a transporter.
 13814 | Gauntlet | Killed a tengu warrior
 13814 | Gauntlet | Reached XP level 13. HP: 96/103 MP: 15/15
 13862 | Gauntlet | Got a pair of polished gloves
 13888 | Gauntlet | Identified the +10 war axe of Beisukim {pain, Str+2}
 13888 | Gauntlet | Noticed a minotaur
 13910 | Gauntlet | Killed a minotaur
 13923 | Gauntlet | Got a dazzling rapier
 14197 | Lair:4   | Identified the +2 pair of gloves of Defiance {+Blink rC+
                  | Str+3} (You found it in a Gauntlet)
 14526 | Lair:4   | Noticed Rupert
 14532 | Lair:3   | Paralysed by Rupert for 3 turns
 14539 | Lair:3   | Killed Rupert
 14702 | Lair:4   | You fall into a shaft and drop 2 floors!
 14702 | Lair:6   | Entered Level 6 of the Lair of Beasts
 14720 | Lair:6   | Found a runed translucent gate.
 14721 | Lair:6   | Found a runed translucent gate.
 14723 | Lair:6   | Found a runed translucent gate.
 14723 | Lair:6   | Noticed RatchetSly's ghost (journeyman MiFi)
 15071 | Lair:4   | Found the +7 captain's cutlass {speed, disarm}
 15346 | Lair:4   | Noticed Sonja
 15393 | Lair:4   | Killed Sonja
 15393 | Lair:4   | Reached skill level 10 in Dodging
 16598 | Lair:6   | Got a coiled lead ring
 16607 | Lair:5   | Identified the ring "Qygutily" {rN+ Stlth+} (You found it
                  | on level 6 of the Lair of Beasts)
 16630 | Lair:6   | Found a staircase to the Slime Pits.
 16921 | Lair:6   | Reached skill level 1 in Short Blades
 17976 | Lair:6   | Reached XP level 14. HP: 98/112 MP: 17/17
 19013 | Lair:6   | Got an ichor-stained chain mail
 19014 | Lair:6   | Identified the +2 chain mail of the Wilderness {MR+} (You
                  | found it on level 6 of the Lair of Beasts)
 19354 | D:11     | Reached skill level 10 in Throwing
 19884 | D:12     | Found a staircase to the Orcish Mines.
 19930 | D:12     | Found a roughly hewn altar of Beogh.
 20253 | Orc:1    | Entered Level 1 of the Orcish Mines
 20253 | Orc:1    | Found Afogig's Book Emporium.
 20554 | Orc:1    | Found a roughly hewn altar of Beogh.
 20733 | Orc:1    | Noticed an orc warlord
 20875 | Orc:1    | Killed an orc warlord
 20959 | Orc:2    | Entered Level 2 of the Orcish Mines
 21436 | Orc:2    | Found Lilosa's Gadget Boutique.
 21489 | Orc:2    | Found a staircase to the Elven Halls.
 21680 | Orc:2    | Noticed an orc warlord
 21949 | Orc:1    | Killed an orc warlord
 23304 | Orc:2    | Found Bashrept's General Store.
 23305 | Orc:2    | Found Dyppeon's Jewellery Boutique.
 23306 | Orc:2    | Found Ofucsom's Antique Armour Shop.
 23306 | Orc:2    | Found Luahucva's Antique Weapon Shop.
 23320 | Orc:2    | Bought a scroll of acquirement for 728 gold pieces
 23321 | Orc:2    | Bought a cursed ring of teleportation for 67 gold pieces
 23321 | Orc:2    | Bought a cursed ring of attention for 67 gold pieces
 23324 | Orc:2    | Got an ichor-stained eveningstar
 23325 | Orc:2    | Identified the +2 eveningstar of the Bear {protect, *Drain
                  | Str+6 Dex+4} (You acquired it on level 2 of the Orcish
                  | Mines)
 23859 | D:13     | Found Heosas's Assorted Antiques.
 24160 | D:13     | Found Haqajo Vitia's Food Shoppe.
 24446 | D:14     | Reached XP level 15. HP: 99/122 MP: 18/18
 24681 | D:14     | Learned a level 2 spell: Blink
 25470 | D:14     | Found a gate to the Vaults.
 25537 | D:15     | Entered Level 15 of the Dungeon
 25551 | D:15     | Reached skill level 1 in Translocations
 25582 | D:15     | Reached skill level 1 in Spellcasting
 25948 | Snake:1  | Entered Level 1 of the Snake Pit
 26556 | Snake:1  | Got an ancient pewter ring
 26557 | Snake:1  | Identified the ring of Ragihosu {rC+ rCorr} (You found it
                  | on level 1 of the Snake Pit)
 27489 | Snake:1  | Noticed Frances
 27507 | Snake:1  | Noticed Azrael
 27538 | Snake:1  | Killed Azrael
 27538 | Snake:1  | Killed Frances
 28989 | Snake:2  | Noticed Aizul
 28999 | Snake:2  | Killed Aizul
 29023 | Snake:2  | Got a polished plate armour
 29024 | Snake:2  | Identified the +3 plate armour of the Flute {rElec MR++
                  | Stlth-} (You found it on level 2 of the Snake Pit)
 29819 | Snake:3  | Reached XP level 16. HP: 80/131 MP: 3/19
 32397 | Snake:3  | Got a pair of twisted gloves
 32398 | Snake:3  | Identified the +1 pair of gloves of Ru's Fury {+Fly MR++
                  | Str-5 Int+3} (You found it on level 3 of the Snake Pit)
 32548 | Snake:4  | Entered Level 4 of the Snake Pit
 33339 | Snake:4  | Noticed Saint Roka
 34839 | Snake:4  | Killed Saint Roka
 35864 | Snake:4  | Reached XP level 17. HP: 109/138 MP: 20/20
 36129 | Snake:4  | Reached skill level 15 in Fighting
 37035 | Snake:4  | Reached skill level 15 in Armour
 37128 | Snake:4  | Reached skill level 5 in Translocations
 39643 | Snake:4  | Got a serpentine rune of Zot
 39846 | Shoals:1 | Entered Level 1 of the Shoals
 41428 | Shoals:1 | Reached skill level 15 in Maces & Flails
 42472 | Elf:1    | Entered Level 1 of the Elven Halls
 42514 | Elf:1    | Found a radiant altar of Vehumet.
 42639 | Elf:1    | Found a flickering gateway to a bazaar.
 42648 | Bazaar   | Entered a bazaar
 42648 | Bazaar   | Found Qiedax's Jewellery Emporium.
 42648 | Bazaar   | Found Xuphupp's Antique Weapon Shoppe.
 42648 | Bazaar   | Found Famunwol's Distillery.
 42648 | Bazaar   | Found Mosunwic's Food Emporium.
 42648 | Bazaar   | Found Jyasodgh's Magic Scroll Shoppe.
 42670 | Bazaar   | Bought a scroll of remove curse for 27 gold pieces
 42670 | Bazaar   | Bought 3 scrolls of identify for 54 gold pieces
 42670 | Bazaar   | Bought a scroll of enchant armour for 67 gold pieces
 42670 | Bazaar   | Bought a scroll of identify for 18 gold pieces
 42670 | Bazaar   | Bought a scroll of identify for 18 gold pieces
 42670 | Bazaar   | Bought a scroll of teleportation for 27 gold pieces
 42670 | Bazaar   | Bought a scroll of teleportation for 27 gold pieces
 42670 | Bazaar   | Bought a scroll of remove curse for 27 gold pieces
 42677 | Bazaar   | Bought a potion of resistance for 110 gold pieces
 42677 | Bazaar   | Bought a potion of resistance for 110 gold pieces
 42677 | Bazaar   | Bought a potion of resistance for 110 gold pieces
 42677 | Bazaar   | Bought a potion of haste for 110 gold pieces
 42985 | Bazaar   | Bought a scroll of fear for 31 gold pieces
 43060 | Elf:1    | Reached skill level 10 in Stealth
 43502 | Elf:1    | Reached XP level 18. HP: 111/149 MP: 21/21
 44582 | Elf:1    | Got a warped platinum ring
 44583 | Elf:1    | Identified the ring of Linearity {Str+2 Dex+3} (You found
                  | it on level 1 of the Elven Halls)
 45470 | Shoals:2 | Found a glowing golden altar of the Shining One.
 47211 | Shoals:3 | Found a large runed translucent door.
 47211 | Shoals:3 | Found a large runed translucent door.
 47476 | Shoals:3 | Noticed CowFu's ghost (adept HOFi)
 48497 | Shoals:4 | Entered Level 4 of the Shoals
 50370 | Shoals:4 | Got a barnacled rune of Zot
 50884 | D:14     | Reached skill level 15 in Dodging
 51041 | D:15     | Found a sparkling altar of Nemelex Xobeh.
 51279 | D:15     | Reached XP level 19. HP: 116/156 MP: 22/22
 51573 | D:15     | Found a staircase to the Depths.
 51921 | Depths:1 | Entered Level 1 of the Depths
 52249 | Vaults:1 | Entered Level 1 of the Vaults
 56416 | Vaults:3 | Found a flickering gateway to a bazaar.
 56433 | Bazaar   | Entered a bazaar
 56450 | Bazaar   | Found Syuff's Book Shoppe.
 56450 | Bazaar   | Found Edieb's Gadget Emporium.
 56471 | Bazaar   | Found Ybaty's Gadget Shoppe.
 56486 | Bazaar   | Found Hathred's Weapon Shoppe.
 56486 | Bazaar   | Found Weociq's Antique Armour Emporium.
 57774 | Vaults:3 | Reached XP level 20. HP: 94/165 MP: 23/23
 58447 | Vaults:3 | Found a staircase to the Crypt.
 60023 | Vaults:3 | Upgraded the game from 0.24-a0-429-g4608c8f to
                  | 0.24-a0-433-gbe6fa4f
 60226 | Depths:1 | Noticed a caustic shrike
 60710 | Elf:2    | Found an ancient bone altar of Kikubaaqudgha.
 60820 | Elf:1    | Identified the Incunabulum of Black Arts
 61438 | Elf:2    | Found a runed translucent door.
 61466 | Elf:2    | Found a runed translucent door.
 61492 | Elf:2    | Found the +6 lightning scales {run, rElec}
 61959 | Elf:2    | Found Eran's Jewellery Boutique.
 62009 | Elf:2    | Bought an uncursed amulet of the gourmand for 510 gold
                  | pieces
 63975 | Elf:3    | Entered Level 3 of the Elven Halls
 64333 | Elf:3    | Found Xiorphok's General Store.
 64345 | Elf:3    | Bought a scroll of teleportation for 42 gold pieces
 64866 | Elf:3    | Identified the +9 short sword of the Scavenger {venom, rF+
                  | Str+2 Dex+4}
 65801 | Elf:3    | Reached XP level 21. HP: 127/175 MP: 24/24
 65992 | Elf:3    | Identified the +5 quarterstaff "Foatod" {crush, Int-5
                  | Dex+7}
 66009 | Elf:3    | Identified the +3 rapier of Samud {distort, *Rage Dex+5
                  | Stlth+}
 66054 | Elf:3    | Killed from afar by a deep elf sorcerer

Levels and vault maps discovered:
D:1:      ncdulo_smallfort, layout_rooms, minmay_tromino_v4_b
D:2:      layout_loops_cross, chequers_ecumenical_altar_simple_redux
D:3:      layout_rooms, marbit_many_paths, grunt_temple_overflow_open,
          first_ration
D:4:      layout_basic, minmay_temple_entry_purple_smoke
D:5:      minmay_chambers_of_fours, layout_rooms, old_standard_altar,
          kennysheep_mini_moat, serial_shops, nicolae_shop_statue_plus,
          uniq_duvessa, uniq_menkaure
D:6:      wander_guarded_unrand_ratskin, layout_loops_ring,
          chequers_serial_rivers_small_a, st_stairs_12
D:7:      layout_loops_cross, lemuel_doored_altar,
          nicolae_overflow_crystal_walls, kennysheep_little_box,
          eat_drink_and_be_merry_uskayaw, grunt_ogre_cave, minmay_hedge_maze
D:8:      layout_layer_cave, serial_park_tiny_1
D:9:      cheibrodos_steamvent, layout_basic, grunt_gozag_breadcrumbs,
          kennysheep_mini, gammafunk_temple_overflow_elements,
          nrook_guardian_serpent_double
D:10:     layout_basic
D:11:     layout_long_grid, grunt_lair_entry_orc_guard_hut
D:12:     layout_grid_maze, minmay_orc_entry_temple_small
D:13:     layout_roguey, serial_shops, nicolae_shop_window_shopping, shop,
          serial_rivers, chequers_serial_rivers_small_a,
          chequers_serial_rivers_micro_e, chequers_serial_rivers_micro_b,
          chequers_serial_rivers_micro_e
D:14:     layout_loops_ring, david_vaults_4
D:15:     hangedman_depths_entry_civil_slaughter, layout_rooms, basic_altar,
          nicolae_twisting_strands, minmay_misc_feat_encased
Temple:   jpeg_temple_island
Lair:1:   layout_concentric_octagons, grunt_megastairs_5, uniq_erica
Lair:2:   layout_loops_ring, guppyfry_snake_entry_island, serial_rivers,
          chequers_serial_rivers_small_3, chequers_serial_rivers_small_b,
          chequers_serial_rivers_micro_e, chequers_serial_rivers_small_b,
          chequers_serial_rivers_room_b, basic_altar
Lair:3:   layout_gridlike, elwin_shoals_entry_rooms, hibernation_bobbens,
          lemuel_fruit_fields, infiniplex_staircase_pool, serial_bayou_shore_b,
          uniq_gastronok
Lair:4:   layout_roguey, gauntlet_entry_generic, beast_lair_carwin_8,
          grunt_megastairs_4, lemuel_fruit_fields, uniq_rupert, uniq_sonja
Lair:5:   wander_river, layout_small_grid, portal_ice_cave_entry_imps,
          lemuel_fruit_tree
Lair:6:   gammafunk_lair_ancient_temple, layout_misc_corridors,
          minmay_slime_entry_pillars, gammafunk_ghost_hydra_chop,
          serial_bayou_shore_a
Shoals:1: layout_shoals
Shoals:2: layout_shoals, lemuel_centaur_altar
Shoals:3: cheibrodos_shoals_satyrical_garden, layout_shoals,
          ebering_ghost_disaster_area
Shoals:4: shoals_end_grunt_garden, layout_shoals, nicolae_shoals_isolated_beach
Snake:1:  layout_layer_cave, serial_bayou_pond_c, grunt_ministairs_13,
          uniq_frances, uniq_azrael
Snake:2:  layout_grid_shapes, grunt_ministairs_8, nicolae_coiled_stairwell_down,
          uniq_aizul
Snake:3:  layout_rooms, guppyfry_library_mini
Snake:4:  snake_pit_salamanders_mu, layout_cave_town, uniq_saint_roka
Orc:1:    layout_caves, serial_shops, shop, basic_altar, nicolae_orc_damp_corner
Orc:2:    st_orc_congregation, layout_diamond_mine, serial_shops, shop
Elf:1:    eino_elf_arrival_altar, layout_onion_city, serial_shops,
          bzr_entry_customers, minmay_elf_necromancy, evilmike_minifort
Elf:2:    layout_gridlike, serial_shops, shop, basic_altar
Elf:3:    minmay_elf_hall_quartered_circle, layout_geoelf_octagon, serial_shops,
          shop, minivault_14, nicolae_elf_w_pinch, lemuel_flamethrower_1
Vaults:1: v_alt_pattern_5, vaults_room_ringed_pool, ontoclasm_vaults_ring_large,
          nicolae_vaults_angled_halls, vaults_mumra_hex,
          nicolae_vaults_little_squares_3, layout_vaults_big_room
Vaults:2: hangedman_vaults_nodes, nicolae_vaults_little_squares_2,
          hangedman_vaults_river_flow, vaults_mumra_hexcomb,
          vaults_room_octagon, vaults_standard_mumra_lines,
          hangedman_vaults_capsules, v_pattern_4, vaults_room_hallway,
          grunt_vaults_focal, vaults_room_door_ring, v_misc_13,
          nicolae_vaults_gold_heap, ontoclasm_vaults_gateway, layout_vaults_ring
Vaults:3: hangedman_vaults_unwind, grunt_vaults_diagonal,
          hangedman_vaults_snaps, v_rooms_2, nicolae_vaults_holding_cells,
          minmay_crypt_entry_simple_box, vaults_room_pools,
          vaults_dpeg_diagonal, nicolae_vaults_yaktaur_gun_rack,
          layout_vaults_omnigrid, serial_shops, bzr_entry_gold
Depths:1: layout_long_grid, hangedman_abyss_or_decor_passed,
          rand_demon_pan_entry_1, hell_entry, serial_bayou_pond_b,
          evilmike_ambush [evilmike_ambush_outer_doors,
          evilmike_ambush_inner_basic], uniq_sojobo

Skill      XL: |  1  2  3  4  5  6  7  8  9 10 11 12 13 14 15 16 17 18 19 20 |
---------------+-------------------------------------------------------------+-----
Maces & Flails | 3 4 5 6 7 9 11 12 13 14 15 16 17 | 17.9
Shields        | 0 |  0.0
Fighting       | 5 6 8 9 10 11 13 14 15 16 17 18 | 18.4
Throwing       | 2 4 6 7 8 9 11 12 13 | 13.9
Armour         | 5 6 8 9 10 11 13 14 15 16 17 18 | 18.3
Dodging        | 2 4 6 8 9 10 11 12 13 14 15 16 | 16.8
Evocations     | 2 3 4 5 6 8 |  8.3
Stealth        | 1 4 5 7 8 9 10 11 | 11.2
Short Blades   | 1 |  1.0
Translocations | 3 4 6 7 |  7.7
Spellcasting   | 2 4 |  4.5

Action                   |  1- 3 |  4- 6 |  7- 9 | 10-12 | 13-15 | 16-18 | 19-21 || total
-------------------------+-------+-------+-------+-------+-------+-------+-------++-------
Melee: Flail             |   115 |   144 |    75 |       |       |       |       ||   334
       Headbutt          |    16 |    12 |    85 |   164 |   422 |   593 |   520 ||  1812
       Short sword       |       |       |    59 |       |       |       |       ||    59
       Whip              |       |       |   244 |   745 |  1693 |  2184 |  1826 ||  6692
       Cutlass           |       |       |       |       |    18 |       |       ||    18
       Eveningstar       |       |       |       |       |     2 |       |       ||     2
Throw: Dart              |       |       |       |    13 |    53 |    24 |       ||    90
       Boomerang         |       |       |       |       |       |   239 |    84 ||   323
Invok: Sacrifice a Hand  |       |       |     1 |       |       |       |       ||     1
       Sacrifice Love    |       |       |     1 |       |       |       |       ||     1
       Sacrifice Health  |       |       |       |     1 |       |       |       ||     1
       Apocalypse        |       |       |       |     2 |     7 |     3 |     4 ||    16
       Sacrifice Essence |       |       |       |     1 |       |       |       ||     1
  Use: Scroll            |       |    10 |       |     7 |    11 |     7 |     4 ||    39
       Potion            |       |       |     2 |    11 |     1 |     2 |       ||    16
 Stab: Invisible         |       |       |     2 |     3 |    10 |    28 |    26 ||    69
       Distracted        |       |       |     1 |     2 |     9 |     8 |     5 ||    25
       Paralysed         |       |       |       |     4 |    21 |    19 |     6 ||    50
       Sleeping          |       |       |       |       |     4 |       |       ||     4
  Eat: Chunk             |       |     3 |    12 |    21 |    43 |    46 |    65 ||   190
       Ration            |       |     1 |       |     1 |     2 |     7 |     2 ||    13
Armor: Scale mail        |    68 |    55 |   129 |       |       |       |       ||   252
       Plate armour      |       |       |    13 |    25 |    45 |   822 |   441 ||  1346
       Pearl dragon scal |       |       |       |   199 |   368 |       |       ||   567
Dodge: Dodged            |    52 |    33 |   140 |   292 |   825 |  1133 |   642 ||  3117
Block: Shield            |    71 |    76 |     5 |       |       |       |       ||   152

Table legend:
 A = Non-vault XP
 B = Vault XP
 C = Vault XP percentage of total XP
 D = Non-vault monster count
 E = Vault monster count
 F = Vault count percentage of total count
                 A         B        C        D         E       F
            +---------+---------+-------+---------+---------+-------
      Total |  363806 |  227946 |  38.5 |    1112 |     462 |  29.4
            +---------+---------+-------+---------+---------+-------
        D:1 |      27 |       3 |  10.0 |      18 |       2 |  10.0
        D:2 |      89 |       0 |   0.0 |      25 |       0 |   0.0
        D:3 |     106 |       2 |   1.9 |      22 |       1 |   4.3
        D:4 |     252 |       0 |   0.0 |      10 |       0 |   0.0
        D:5 |     771 |     861 |  52.8 |      26 |       7 |  21.2
        D:6 |     874 |     169 |  16.2 |      20 |      21 |  51.2
        D:7 |    1653 |     113 |   6.4 |      28 |       1 |   3.4
        D:8 |    1119 |       0 |   0.0 |      23 |       0 |   0.0
        D:9 |    1743 |     865 |  33.2 |      16 |       3 |  15.8
       D:10 |    3237 |       0 |   0.0 |      25 |       0 |   0.0
       D:11 |    4555 |     762 |  14.3 |      49 |       5 |   9.3
       D:12 |    3422 |     397 |  10.4 |      32 |       7 |  17.9
       D:13 |    6596 |       0 |   0.0 |      34 |       0 |   0.0
       D:14 |   11689 |    1202 |   9.3 |      44 |       3 |   6.4
       D:15 |   14998 |   10118 |  40.3 |      37 |      11 |  22.9
     Lair:1 |    3938 |    1417 |  26.5 |      16 |       3 |  15.8
     Lair:2 |    3959 |     151 |   3.7 |      18 |       1 |   5.3
     Lair:3 |    6565 |    4937 |  42.9 |      22 |       4 |  15.4
     Lair:4 |    5376 |    4060 |  43.0 |      22 |       9 |  29.0
     Lair:5 |    3958 |     382 |   8.8 |      20 |      13 |  39.4
     Lair:6 |    7363 |    9696 |  56.8 |      24 |      29 |  54.7
   Shoals:1 |   16944 |       0 |   0.0 |      40 |       0 |   0.0
   Shoals:2 |   13597 |     439 |   3.1 |      25 |       4 |  13.8
   Shoals:3 |   12928 |    6884 |  34.7 |      25 |      14 |  35.9
   Shoals:4 |   11601 |   13473 |  53.7 |      24 |      21 |  46.7
    Snake:1 |   13364 |    4497 |  25.2 |      27 |      10 |  27.0
    Snake:2 |   20120 |    2834 |  12.3 |      42 |       4 |   8.7
    Snake:3 |   26809 |    2832 |   9.6 |      50 |      10 |  16.7
    Snake:4 |   23225 |   52642 |  69.4 |      41 |      74 |  64.3
      Orc:1 |    6063 |    1321 |  17.9 |      51 |       3 |   5.6
      Orc:2 |    3235 |    9361 |  74.3 |      28 |      65 |  69.9
      Elf:1 |   26155 |    9319 |  26.3 |      47 |      18 |  27.7
      Elf:2 |   19873 |   24098 |  54.8 |      32 |      32 |  50.0
      Elf:3 |   14220 |   18362 |  56.4 |      23 |      14 |  37.8
   Vaults:1 |    4780 |   11127 |  70.0 |      10 |      19 |  65.5
   Vaults:2 |   38764 |   18384 |  32.2 |      65 |      32 |  33.0
   Vaults:3 |   28767 |   14150 |  33.0 |      50 |      16 |  24.2
   Depths:1 |    1071 |       0 |   0.0 |       1 |       0 |   0.0
   Gauntlet |       0 |    3088 | 100.0 |       0 |       6 | 100.0
            +---------+---------+-------+---------+---------+-------
